 Dungeon Crawl Stone Soup version 0.32-a0-519-g08f29ac1c3 (webtiles) character file.

Game seed: 1069786735732920095

79 Dirtsage the Chopper (level 4, -1/49 HPs)
             Began as a Coglin Gladiator on Feb 27, 2024.
             Slain by an orc wizard
             ... wielding a +0 dagger
              (2 damage)
             ... on level 3 of the Dungeon.
             The game lasted 00:02:56 (1498 turns).

Dirtsage the Chopper (Coglin Gladiator)             Turns: 1498, Time: 00:02:56

Health: -1/49      AC:  4    Str: 17    XL:     4   Next: 38%
Magic:  4/4        EV: 12    Int:  7    God:
Gold:   102        SH:  0    Dex: 15    Spells: 3/3 levels left

rFire   . . .        a - +0 war axe {Choonhe}
rCold   . . .        j - +4 mace {Ekveer}
rNeg    . . .        b - +0 leather armour
rPois   .            f - +1 hat
rElec   .            (no cloak)
rCorr   .            (no gloves)
SInv    .            (no boots)
Will    .....        (no amulet) Stlth
                     (ring unavailable)
HPRegen 0.28/turn    (ring unavailable)
MPRegen 0.09/turn

%: no passive effects
@: berserking, revved, very quick
A: off-hand wielding, slow wielding, warmup strikes, no rings
a: no special abilities


You were on level 3 of the Dungeon.
You visited 1 branch of the dungeon, and saw 3 of its levels.

You collected 102 gold pieces.

Inventory:

Hand Weapons
 a - a +0 war axe (weapon) {Choonhe}
 j - a +4 mace (offhand) {Ekveer}
Missiles
 d - 3 throwing nets (quivered)
 e - a javelin
Armour
 b - a +0 leather armour (worn)
 c - a +0 helmet
 f - a +1 hat (worn)
Scrolls
 h - a scroll of immolation {unknown}
 k - 2 scrolls of noise {unknown}
 l - a scroll of brand weapon {unknown}
 m - a scroll of teleportation {unknown}
 q - a scroll of blinking {unknown}
Potions
 g - a potion of lignification {unknown}
 i - a potion of berserk rage
 n - a potion of haste {unknown}
 o - a potion of heal wounds {unknown}
 p - a potion of mutation {unknown}


   Skills:
 - Level 2.0 Fighting
 + Level 5.1 Axes
 - Level 1.7 Throwing
 - Level 2.6 Dodging


You had 3 spell levels left.
You didn't know any spells.
Your spell library contained the following spells:

 Spells                   Type           Power      Damage    Failure   Level
 Sandblast                Erth           0%         2d4       50%         1
 Passwall                 Erth           0%         N/A       86%         3
 Stone Arrow              Conj/Erth      0%         3d7       86%         3
 Brom's Barrelling Bould  Conj/Erth      0%         2d3       99%         4


Dungeon Overview and Level Annotations

Branches:
Dungeon (3/15)

Altars:


Innate Abilities, Weirdness & Mutations

You can wield a second weapon in your off-hand.
It takes a long time for you to wield or remove held weapons.
Your first few attacks do less damage.
Your grasper-arms cannot wear rings.


Message History

You hit the orc with your +0 war axe.
You kill the orc!
You barely miss something with your +0 war axe.
Something hits you but does no damage.
You barely miss something with your +4 mace.
You miss something with your +0 war axe.
You miss the kobold with your +0 war axe.
The kobold closely misses you. Something hits you but does no damage.
You miss something with your +4 mace. You hit something with your +0 war axe.
You barely miss the kobold with your +0 war axe.
The kobold closely misses you.
You hear some strange, mumbled words.
A magic dart appears from out of thin air!
The magic dart hits you!
* * * LOW HITPOINT WARNING * * *
You take 8 damage, and have 9/33 hp.
MASSIVE DAMAGE!!
You barely miss something with your +4 mace.
You miss something with your +0 war axe.
You slash the kobold with your +0 war axe!
You kill the kobold!
Something barely misses you.
You hear some strange, mumbled words.
A magic dart appears from out of thin air!
The magic dart hits you.
* * * LOW HITPOINT WARNING * * *
The orc completely misses you.
You take 5 damage, and have 4/33 hp.
You barely miss something with your +0 war axe.
You barely miss the orc with your +0 war axe.
You sock something with your +4 mace! The orc barely misses you.
Something hits you.
* * * LOW HITPOINT WARNING * * *
You take 2 damage, and have 2/33 hp.
It was a potion of berserk rage.
A red film seems to cover your vision as you go berserk!
You feel yourself moving faster!
You feel mighty! The orc hits you with a +0 club.
* * * LOW HITPOINT WARNING * * *
Something hits you.
You die...

...... ......
#...>.. .....
.... ..#
#########o## ...
#.......@{.#...$
##...............
.................
#..####..##.#....
#>.........###..
##.###....#...#.#
#. #.........#.#
#.##.#.......#.#
#.##.##........#


You could see an orc.

Vanquished Creatures
  A ribbon worm (D:2)
  A dart slug (D:1)
  2 orcs (D:3)
  8 endoplasms
  3 giant cockroaches
  6 goblins
  2 hobgoblins (D:1)
  12 jackals
  6 kobolds
  3 quokkas (D:1)
  6 ball pythons
  5 bats
  2 frilled lizards
  6 rats
63 creatures vanquished.

Notes
Turn   | Place    | Note
-------+----------+-------------------------------------------
     0 | D:1      | Dirtsage the Coglin Gladiator began the quest for the Orb.
     0 | D:1      | Reached XP level 1. HP: 16/16 MP: 1/1
   333 | D:1      | Reached XP level 2. HP: 22/22 MP: 2/2
   359 | D:1      | Reached skill level 4 in Axes
   397 | D:1      | Reached XP level 3. HP: 26/27 MP: 3/3
   909 | D:2      | Reached XP level 4. HP: 26/33 MP: 4/4
  1448 | D:3      | Reached skill level 5 in Axes
  1498 | D:3      | HP: 1/49 [orc/+0 club (3)]
  1498 | D:3      | Slain by an orc wizard

Illustrated notes

Levels and vault maps discovered:
D:1:      nagdon_arrival_zigzag_paths, layout_loops_ring, chequers_garden,
          st_stairs_6
D:2:      layout_basic
D:3:      layout_rooms

Skill      XL: |  1  2  3  4 |
---------------+-------------+-----
Axes           | 4 5 |  5.1
Fighting       | |  2.0
Throwing       | |  1.7
Dodging        | |  2.6

Action                     |  1- 3 |  4- 6 || total
---------------------------+-------+-------++-------
  Melee: War axe           |    76 |    22 ||    98
         Mace              |    49 |    22 ||    71
    Use: Potion            |       |     1 ||     1
   Stab: Sleeping          |     2 |       ||     2
 Armour: Leather armour    |    51 |    25 ||    76
  Dodge: Dodged            |    45 |    24 ||    69
         Repelled          |       |     2 ||     2

Table legend: (Time is in decaauts)
 A = Elapsed time spent in this place.
 B = Non-inter-level travel time spent in this place.
 C = Inter-level travel time spent in this place.
 D = Time resting spent in this place.
 E = Time spent auto-exploring this place.
 F = Levels seen in this place.
 G = Mean time per level.
                   A        B        C        D        E       F      G
               +--------+--------+--------+--------+--------+-----+--------+
         Total |   1531 |   1497 |     34 |      0 |   1189 |   3 |  510.3 |
       Dungeon |   1531 |   1497 |     34 |      0 |   1189 |   3 |  510.3 |
               +--------+--------+--------+--------+--------+-----+--------+

Top non-repeatable levels by time:
     D:1: 754 daAuts
     D:2: 691 daAuts
     D:3: 86 daAuts
